 Dungeon Crawl Stone Soup version 0.29.1-2-gbd0b4ee654 (webtiles) character file.

Game seed: 4953464491956807574

1 croobank the Caller (level 1, -1/7 HPs)
             Began as a Felid Summoner on Nov 8, 2022.
             Slain by a quokka (4 damage)
             ... on level 1 of the Dungeon.
             The game lasted 00:00:27 (70 turns).

croobank the Caller (Felid Summoner)                  Turns: 70, Time: 00:00:28

Health: -1/7       AC:  1    Str:  4    XL:     1   Next: 16%
Magic:  2/4        EV: 17    Int: 16    God:
Gold:   19         SH:  0    Dex: 16    Spells: 3/4 levels left
                                        Lives:  0   Deaths: 0

rFire   . . .      SeeInvis +   (weapon unavailable)
rCold   . . .      Faith    .   (shield unavailable)
rNeg    . . .      Spirit   .   (body armour unavailable)
rPois   .          Reflect  .   (helmet unavailable)
rElec   .          Harm     .   (cloak unavailable)
rCorr   .          Rampage  .   (gloves unavailable)
Will    .....                   (boots unavailable)
Stlth   ++........              (no amulet)
HPRegen 0.02/turn               (no ring)
MPRegen 0.09/turn               (no ring)

@: quick
A: very small, claws 1, fangs 3, see invisible, speed 1, shaggy fur 1, stealthy
paws, no weapons or thrown items, no armour, multi-lived
a: no special abilities


You were on level 1 of the Dungeon.
You visited 1 branch of the dungeon, and saw 1 of its levels.

You collected 19 gold pieces.

Inventory:

Potions
 a - a potion of magic


   Skills:
 + Level 2.7 Dodging
 + Level 2.7 Stealth
 + Level 2.0 Spellcasting
 + Level 4.0 Summonings


You had 3 spell levels left.
You knew the following spells:

 Your Spells              Type           Power      Damage    Failure   Level
a - Summon Small Mammal   Summ           56%        N/A       4%          1

Your spell library contained the following spells:

 Spells                   Type           Power      Damage    Failure   Level
 Call Imp                 Summ           14%        N/A       6%          2
 Call Canine Familiar     Summ           14%        N/A       12%         3
 Summon Guardian Golem    Hex/Summ       8%         N/A       26%         3
 Summon Lightning Spire   Summ/Air       8%         N/A       65%         4


Dungeon Overview and Level Annotations

Branches:
Dungeon (1/15)

Altars:


Innate Abilities, Weirdness & Mutations

You have sharp claws.
You have razor-sharp teeth.
You have supernaturally acute eyesight. (SInv)
You cover ground quickly. (Speed+)
You are covered in fur. (AC +1)
Your paws help you pounce on unaware monsters.
You are incapable of wielding weapons or throwing items.
You cannot wear armour.
You gain extra lives every three experience levels.


Message History

Found 12 gold pieces.
Found a scroll labelled GUECZA QORO.
A quokka comes into view.
You see here 12 gold pieces.
You now have 19 gold pieces (gained 12).
What are your orders? t - Meow!
Orders for allies: a - Attack new target. r - Retreat! s - Stop attacking. g - Guard the area. f - Follow me.
Anything else - Cancel.
Gang up on whom?
Press: ? - help, Dir - move target, f - quokka
Aim: a quokka (asleep, ally target) Attack!
Unknown command.
Your rat barely misses the quokka.
The quokka bites your rat.
Your rat barely misses the quokka.
The quokka bites your rat.
Your rat dies!
Your rat's corpse disappears in a puff of smoke!
Casting: Summon Small Mammal (safe; 4% risk of failure)
Confirm with . or Enter, or press ? or * to list all spells.
Found a ring mail.
The quokka bites your rat.
Your rat dies!
Your rat's corpse disappears in a puff of smoke!
Casting: Summon Small Mammal (safe; 4% risk of failure)
Confirm with . or Enter, or press ? or * to list all spells.
The quokka misses you. The quokka bites you.
Ouch! That really hurt!
Your rat barely misses the quokka.
You swap places.
The quokka twitches its whiskers.
The quokka barely misses you.
Your rat bites the quokka.
You scratch the quokka.
The quokka is severely wounded.
The quokka bites you.
Ouch! That really hurt!
You die...

[.... .. #...# ....
######.#.###....
##...............
###................#
#............#.?.#..
.##.##................
..........r......##.#...
...^......r@............
#.########.............
#..#######.###.........
#...#.....###.........
#...#####.......?...
#...####.#......... .
####.#...#..#..##.####
..#### #....###...##..#
..# #....###.####
###.........#


You could see a quokka (ally target) and a friendly rat (summoned).

Vanquished Creatures (collateral kills)
  An endoplasm (D:1)
1 creature vanquished.

Notes
Turn   | Place    | Note
-------+----------+-------------------------------------------
     0 | D:1      | croobank the Felid Summoner began the quest for the Orb.
     0 | D:1      | Reached XP level 1. HP: 7/7 MP: 4/4
    70 | D:1      | Slain by a quokka

Illustrated notes

Levels and vault maps discovered:
D:1:      ncdulo_wetmaze, layout_rooms, st_stairs_12

Action                   || total
-------------------------++-------
Melee: Unarmed           ||     1
 Cast: Summon Small Mamm ||     3
Dodge: Dodged            ||     2
